[ PARTIDA AOE2 · #459690861 ]
UnrankedBirmanos vs Goths
[ ANÁLISIS DE REPETICIÓN · EXTRAÍDO DE LA PARTIDA GRABADA ]
Feudal
10:17
Castillos
13:54
Imperial
30:01
| APM promedio | 36.7 |
| APM pico | 78 |
| eAPM promedio | 23.4 |
| Aldeanos / militares | 141 / 70 |
Foco
⚔️ 33.0% · 🌾 67.0%
Arambai ×51 · Battle Elephant ×17 · Trebuchet (Packed) ×2
Feudal
8:41
Castillos
14:30
Imperial
—
| APM promedio | 28.5 |
| APM pico | 54 |
| eAPM promedio | 13.6 |
| Aldeanos / militares | 87 / 92 |
Foco
⚔️ 34.9% · 🌾 65.1%
Knight ×92
Feudal
22:21
Castillos
26:48
Imperial
31:24
| APM promedio | 14.2 |
| APM pico | 46 |
| eAPM promedio | 7.6 |
| Aldeanos / militares | 51 / 2 |
Foco
⚔️ 8.2% · 🌾 91.8%
Monk ×2
Feudal
11:04
Castillos
20:32
Imperial
37:13
| APM promedio | 13.5 |
| APM pico | 47 |
| eAPM promedio | 9.1 |
| Aldeanos / militares | 103 / 6 |
Foco
⚔️ 10.6% · 🌾 89.4%
Monk ×4 · Scout Cavalry ×2
Feudal
15:31
Castillos
—
Imperial
—
| APM promedio | 11.0 |
| APM pico | 42 |
| eAPM promedio | 5.8 |
| Aldeanos / militares | 37 / 0 |
Foco
⚔️ 6.2% · 🌾 93.8%
Feudal
—
Castillos
—
Imperial
—
| APM promedio | 5679.3 |
| APM pico | 27495 |
| eAPM promedio | 5678.8 |
| Aldeanos / militares | 0 / 90 |
Foco
⚔️ 97.2% · 🌾 2.8%
Spearman ×42 · Archer ×27 · Monk ×7 · Battering Ram ×6 · Militia ×4 · Skirmisher ×4
Feudal
—
Castillos
—
Imperial
—
| APM promedio | 3124.9 |
| APM pico | 20584 |
| eAPM promedio | 3124.5 |
| Aldeanos / militares | 0 / 86 |
Foco
⚔️ 98.0% · 🌾 2.0%
Archer ×48 · Skirmisher ×23 · Spearman ×9 · Monk ×3 · Battering Ram ×3
Feudal
—
Castillos
—
Imperial
—
| APM promedio | 2935.2 |
| APM pico | 37484 |
| eAPM promedio | 2935.2 |
| Aldeanos / militares | 0 / 2 |
Foco
⚔️ 59.0% · 🌾 41.0%
Militia ×2
Mapa de la partida
Recursos iniciales + cada clic de construcción. Líneas = muros · curvas = relieve. ◆ oro · ⬟ piedra · ● bayas · ✦ reliquia · ◌ hueco del cierre
Tu base· Abierta — flanco sin cerrar
Base de ts00136983· Abierta — hueco de 3t
Base de 背骨+聖物大師-龍王者· Abierta — hueco de 8t
Base de 月下醉老虎· Abierta — flanco sin cerrar
Base de 赤根鈴音· Abierta — hueco de 15t
Base de · Abierta — flanco sin cerrar
Base de · Abierta — hueco de 9t
Base de · Abierta — flanco sin cerrar
Terreno inicial suavizado · ◌ = hueco del cierre detectado · pasá el cursor para detalles
Inputs por minuto
— Residual - - ts00136983
Build order — Residual
Primeras 150 de 394 acciones detectadas
| 0:01 | Crear | Villager (Male) |
| 0:01 | Crear | Villager (Male) |
| 0:01 | Crear | Villager (Male) |
| 0:01 | Crear | Villager (Male) |
| 0:01 | Crear | Villager (Male) |
| 0:03 | Construir | House |
| 0:07 | Investigar | Loom |
| 0:28 | Construir | House |
| 0:33 | Crear | Villager (Male) |
| 0:34 | Crear | Villager (Male) |
| 0:34 | Crear | Villager (Male) |
| 0:35 | Crear | Villager (Male) |
| 1:10 | Crear | Villager (Male) |
| 1:10 | Crear | Villager (Male) |
| 1:16 | Construir | Lumber Camp |
| 1:43 | Crear | Villager (Male) |
| 2:15 | Crear | Villager (Male) |
| 2:30 | Crear | Villager (Male) |
| 2:31 | Crear | Villager (Male) |
| 2:56 | Construir | House |
| 2:57 | Construir | House |
| 3:06 | Crear | Villager (Male) |
| 3:06 | Crear | Villager (Male) |
| 3:41 | Crear | Villager (Male) |
| 3:42 | Crear | Villager (Male) |
| 4:13 | Crear | Villager (Male) |
| 4:13 | Crear | Villager (Male) |
| 4:13 | Crear | Villager (Male) |
| 4:41 | Crear | Villager (Male) |
| 4:41 | Crear | Villager (Male) |
| 4:55 | Construir | Mill |
| 5:10 | Crear | Villager (Male) |
| 5:10 | Crear | Villager (Male) |
| 5:10 | Crear | Villager (Male) |
| 5:17 | Construir | Mill |
| 5:22 | Crear | Villager (Male) |
| 5:22 | Crear | Villager (Male) |
| 5:52 | Crear | Villager (Male) |
| 6:42 | Crear | Villager (Male) |
| 8:04 | Crear | Villager (Male) |
| 8:07 | Investigar | Feudal Age |
| 8:10 | Construir | Mining Camp |
| 8:20 | Construir | House |
| 8:23 | Crear | Villager (Male) |
| 8:24 | Crear | Villager (Male) |
| 10:17 | Edad | Edad Feudal |
| 10:19 | Construir | Market |
| 10:22 | Construir | Blacksmith |
| 11:14 | Investigar | Castle Age |
| 11:18 | Construir | Mining Camp |
| 11:50 | Construir | Palisade Wall |
| 11:50 | Construir | Palisade Wall |
| 11:58 | Construir | Palisade Gate |
| 12:08 | Construir | Palisade Gate |
| 12:17 | Construir | Palisade Gate |
| 12:43 | Construir | Palisade Gate |
| 12:50 | Construir | Palisade Gate |
| 13:43 | Construir | Palisade Gate |
| 13:48 | Crear | Villager (Male) |
| 13:54 | Edad | Edad de los Castillos |
| 13:56 | Investigar | Town Watch |
| 13:56 | Investigar | Town Watch |
| 14:03 | Construir | Castle |
| 14:09 | Construir | Palisade Wall |
| 14:20 | Construir | Town Center |
| 14:31 | Crear | Villager (Male) |
| 14:48 | Investigar | Horse Collar |
| 15:06 | Crear | Villager (Male) |
| 15:23 | Crear | Arambai |
| 15:31 | Crear | Arambai |
| 15:32 | Crear | Villager (Male) |
| 15:34 | Crear | Villager (Male) |
| 15:38 | Investigar | Heavy Plow |
| 15:57 | Crear | Arambai |
| 16:03 | Construir | Farm |
| 16:05 | Crear | Villager (Male) |
| 16:17 | Crear | Arambai |
| 16:19 | Crear | Villager (Male) |
| 16:19 | Crear | Villager (Male) |
| 16:30 | Crear | Villager (Male) |
| 16:30 | Crear | Villager (Male) |
| 16:47 | Construir | Farm |
| 16:48 | Construir | Farm |
| 16:53 | Crear | Villager (Male) |
| 16:53 | Crear | Villager (Male) |
| 16:57 | Crear | Arambai |
| 17:05 | Construir | Farm |
| 17:10 | Crear | Villager (Male) |
| 17:11 | Crear | Villager (Male) |
| 17:24 | Construir | Farm |
| 17:25 | Construir | Farm |
| 17:36 | Crear | Villager (Male) |
| 17:36 | Crear | Villager (Male) |
| 17:38 | Crear | Arambai |
| 17:46 | Crear | Villager (Male) |
| 17:47 | Crear | Villager (Male) |
| 17:47 | Crear | Villager (Male) |
| 17:49 | Construir | Farm |
| 17:59 | Crear | Arambai |
| 18:02 | Construir | Farm |
| 18:03 | Construir | Farm |
| 18:09 | Crear | Villager (Male) |
| 18:11 | Crear | Arambai |
| 18:26 | Crear | Villager (Male) |
| 18:26 | Crear | Villager (Male) |
| 18:30 | Crear | Arambai |
| 18:41 | Crear | Villager (Male) |
| 18:42 | Construir | Farm |
| 18:46 | Construir | Farm |
| 18:48 | Crear | Arambai |
| 18:56 | Crear | Villager (Male) |
| 18:58 | Construir | Farm |
| 19:01 | Construir | Farm |
| 19:04 | Construir | Farm |
| 19:07 | Construir | Farm |
| 19:22 | Crear | Villager (Male) |
| 19:33 | Crear | Villager (Male) |
| 19:40 | Crear | Villager (Male) |
| 19:47 | Construir | Town Center |
| 19:54 | Crear | Arambai |
| 20:13 | Construir | House |
| 20:15 | Construir | House |
| 20:15 | Construir | House |
| 20:16 | Construir | House |
| 20:19 | Construir | Farm |
| 20:20 | Construir | Farm |
| 20:28 | Investigar | Wheelbarrow |
| 20:28 | Investigar | Wheelbarrow |
| 20:45 | Crear | Villager (Male) |
| 20:47 | Construir | Farm |
| 21:00 | Crear | Villager (Male) |
| 21:05 | Crear | Arambai |
| 21:09 | Construir | Farm |
| 21:23 | Construir | House |
| 21:25 | Construir | House |
| 21:26 | Construir | House |
| 21:32 | Construir | Farm |
| 21:36 | Crear | Villager (Male) |
| 21:37 | Crear | Villager (Male) |
| 21:38 | Crear | Arambai |
| 21:44 | Construir | Farm |
| 21:58 | Crear | Villager (Male) |
| 21:58 | Crear | Villager (Male) |
| 21:59 | Crear | Arambai |
| 21:59 | Crear | Arambai |
| 22:08 | Crear | Arambai |
| 22:22 | Crear | Villager (Male) |
| 22:22 | Crear | Villager (Male) |
| 22:24 | Crear | Arambai |
| 22:29 | Construir | Farm |
Build order — ts00136983
Primeras 150 de 274 acciones detectadas
| 0:01 | Crear | Villager (Male) |
| 0:01 | Investigar | Loom |
| 0:02 | Crear | Villager (Male) |
| 0:02 | Crear | Villager (Male) |
| 0:03 | Construir | House |
| 0:04 | Construir | House |
| 0:07 | Crear | Villager (Male) |
| 0:07 | Crear | Villager (Male) |
| 0:09 | Construir | House |
| 0:10 | Construir | House |
| 1:17 | Crear | Villager (Male) |
| 1:55 | Crear | Villager (Male) |
| 2:34 | Crear | Villager (Male) |
| 2:54 | Crear | Villager (Male) |
| 2:58 | Crear | Villager (Male) |
| 3:39 | Construir | Lumber Camp |
| 3:52 | Crear | Villager (Male) |
| 4:36 | Crear | Villager (Male) |
| 4:36 | Crear | Villager (Male) |
| 4:44 | Construir | Mining Camp |
| 5:05 | Crear | Villager (Male) |
| 6:06 | Crear | Villager (Male) |
| 6:27 | Investigar | Feudal Age |
| 6:38 | Construir | Mill |
| 7:46 | Crear | Villager (Male) |
| 8:41 | Edad | Edad Feudal |
| 8:51 | Crear | Villager (Male) |
| 8:58 | Construir | Market |
| 9:03 | Crear | Villager (Male) |
| 9:11 | Crear | Villager (Male) |
| 9:39 | Construir | Mining Camp |
| 9:52 | Construir | Palisade Wall |
| 10:10 | Crear | Villager (Male) |
| 10:25 | Construir | House |
| 10:54 | Crear | Villager (Male) |
| 11:06 | Construir | Blacksmith |
| 11:14 | Crear | Villager (Male) |
| 11:47 | Investigar | Double-Bit Axe |
| 11:50 | Investigar | Castle Age |
| 12:14 | Construir | Farm |
| 12:14 | Construir | Farm |
| 12:23 | Construir | House |
| 12:37 | Construir | Farm |
| 12:39 | Crear | Villager (Male) |
| 12:52 | Construir | Farm |
| 13:01 | Investigar | Scale Barding Armor |
| 13:13 | Construir | Farm |
| 13:25 | Construir | Farm |
| 14:05 | Construir | Barracks |
| 14:07 | Investigar | Forging |
| 14:14 | Construir | Farm |
| 14:25 | Construir | Mining Camp |
| 14:30 | Edad | Edad de los Castillos |
| 15:09 | Construir | House |
| 15:18 | Construir | Stable |
| 15:20 | Crear | Villager (Male) |
| 15:23 | Construir | Farm |
| 15:41 | Crear | Villager (Male) |
| 15:52 | Construir | Farm |
| 15:57 | Construir | Farm |
| 16:02 | Construir | House |
| 16:07 | Crear | Knight |
| 16:14 | Crear | Villager (Male) |
| 16:31 | Crear | Knight |
| 16:34 | Construir | Stable |
| 17:04 | Crear | Villager (Male) |
| 17:18 | Construir | Farm |
| 17:18 | Construir | Farm |
| 17:21 | Crear | Villager (Male) |
| 17:24 | Crear | Knight |
| 17:37 | Construir | Farm |
| 17:46 | Construir | Farm |
| 17:47 | Crear | Villager (Male) |
| 17:51 | Crear | Knight |
| 18:11 | Construir | Farm |
| 18:17 | Crear | Knight |
| 18:43 | Crear | Knight |
| 18:43 | Crear | Knight |
| 18:44 | Crear | Villager (Male) |
| 18:48 | Construir | Farm |
| 19:09 | Crear | Knight |
| 19:09 | Crear | Knight |
| 19:15 | Crear | Villager (Male) |
| 19:18 | Construir | Farm |
| 19:20 | Construir | Farm |
| 19:27 | Crear | Knight |
| 19:44 | Investigar | Husbandry |
| 19:49 | Construir | Farm |
| 19:51 | Crear | Villager (Male) |
| 20:30 | Crear | Knight |
| 20:30 | Crear | Knight |
| 20:30 | Crear | Knight |
| 20:51 | Crear | Villager (Male) |
| 21:09 | Construir | Town Center |
| 21:42 | Crear | Knight |
| 21:43 | Crear | Knight |
| 21:44 | Crear | Villager (Male) |
| 21:44 | Crear | Villager (Male) |
| 21:46 | Construir | House |
| 21:47 | Construir | House |
| 22:10 | Crear | Villager (Male) |
| 22:33 | Crear | Knight |
| 22:33 | Crear | Knight |
| 22:49 | Crear | Villager (Male) |
| 22:49 | Crear | Villager (Male) |
| 23:21 | Crear | Knight |
| 23:21 | Crear | Knight |
| 23:21 | Crear | Knight |
| 23:27 | Crear | Villager (Male) |
| 23:30 | Investigar | Wheelbarrow |
| 23:31 | Crear | Villager (Male) |
| 23:38 | Construir | Lumber Camp |
| 23:40 | Crear | Villager (Male) |
| 23:55 | Crear | Villager (Male) |
| 24:23 | Crear | Villager (Male) |
| 24:24 | Crear | Knight |
| 24:24 | Crear | Knight |
| 24:28 | Construir | Farm |
| 24:28 | Construir | Farm |
| 24:28 | Construir | Farm |
| 24:31 | Construir | Farm |
| 24:41 | Crear | Knight |
| 24:55 | Investigar | Chain Barding Armor |
| 24:56 | Investigar | Iron Casting |
| 25:06 | Crear | Knight |
| 25:06 | Crear | Knight |
| 25:29 | Crear | Knight |
| 25:30 | Crear | Knight |
| 25:36 | Crear | Knight |
| 25:53 | Crear | Knight |
| 25:53 | Crear | Knight |
| 25:58 | Crear | Villager (Male) |
| 25:59 | Crear | Villager (Male) |
| 26:01 | Investigar | Gold Mining |
| 26:07 | Construir | House |
| 26:08 | Construir | House |
| 26:08 | Construir | House |
| 26:09 | Construir | House |
| 26:11 | Crear | Knight |
| 26:12 | Crear | Knight |
| 26:20 | Crear | Villager (Male) |
| 26:24 | Construir | House |
| 26:25 | Construir | House |
| 26:28 | Crear | Knight |
| 26:51 | Crear | Knight |
| 26:51 | Crear | Knight |
| 27:05 | Crear | Knight |
| 27:05 | Crear | Knight |
| 27:23 | Crear | Villager (Male) |
| 27:24 | Crear | Villager (Male) |
Build order — 背骨+聖物大師-龍王者
114 acciones detectadas en el replay
| 0:06 | Construir | House |
| 0:10 | Construir | House |
| 0:34 | Crear | Villager (Male) ×5 |
| 1:27 | Crear | Villager (Male) |
| 2:20 | Investigar | Loom |
| 3:00 | Construir | Lumber Camp |
| 3:08 | Crear | Villager (Male) |
| 3:37 | Construir | House |
| 3:52 | Crear | Villager (Male) |
| 4:47 | Crear | Villager (Male) |
| 4:47 | Crear | Villager (Male) |
| 4:50 | Crear | Villager (Male) |
| 6:06 | Crear | Villager (Male) |
| 7:00 | Construir | Town Center |
| 8:09 | Crear | Villager (Male) |
| 8:10 | Crear | Villager (Male) |
| 8:10 | Crear | Villager (Male) |
| 8:10 | Crear | Villager (Male) |
| 8:23 | Construir | Mill |
| 8:30 | Construir | House |
| 10:06 | Crear | Villager (Male) |
| 10:07 | Crear | Villager (Male) |
| 11:05 | Construir | Palisade Wall |
| 11:52 | Crear | Villager (Male) |
| 11:53 | Crear | Villager (Male) |
| 13:15 | Crear | Villager (Male) |
| 13:15 | Crear | Villager (Male) |
| 14:01 | Crear | Villager (Male) |
| 14:11 | Construir | House |
| 14:45 | Construir | Mill |
| 15:34 | Construir | Lumber Camp |
| 16:18 | Crear | Villager (Male) |
| 16:18 | Crear | Villager (Male) |
| 17:28 | Crear | Villager (Male) |
| 17:46 | Construir | Farm |
| 20:17 | Investigar | Feudal Age |
| 20:31 | Construir | Mill |
| 21:20 | Construir | Farm |
| 21:21 | Construir | Farm |
| 21:21 | Construir | Farm |
| 21:22 | Construir | Farm |
| 21:23 | Construir | Farm |
| 21:25 | Construir | Farm |
| 21:26 | Construir | Farm |
| 21:27 | Construir | Farm |
| 21:28 | Construir | Farm |
| 21:29 | Construir | Farm |
| 21:30 | Construir | Farm |
| 22:21 | Edad | Edad Feudal |
| 22:22 | Construir | House |
| 22:35 | Investigar | Double-Bit Axe |
| 22:38 | Investigar | Horse Collar |
| 22:44 | Construir | Market |
| 22:49 | Construir | Blacksmith |
| 23:21 | Crear | Villager (Male) |
| 24:22 | Investigar | Castle Age |
| 25:18 | Construir | Barracks |
| 26:32 | Construir | Stable |
| 26:48 | Edad | Edad de los Castillos |
| 26:56 | Construir | Mining Camp |
| 27:05 | Construir | Monastery |
| 27:10 | Crear | Villager (Male) |
| 27:10 | Crear | Villager (Male) |
| 27:22 | Construir | University |
| 27:36 | Construir | House |
| 27:38 | Construir | House |
| 27:39 | Construir | House |
| 28:12 | Crear | Monk |
| 28:39 | Investigar | Imperial Age |
| 29:20 | Construir | Farm |
| 29:42 | Construir | Town Center |
| 30:29 | Investigar | Heavy Plow |
| 30:34 | Investigar | Bow Saw |
| 31:08 | Construir | Monastery |
| 31:24 | Edad | Edad Imperial |
| 31:28 | Crear | Villager (Male) |
| 31:29 | Crear | Villager (Male) |
| 31:42 | Investigar | Two-Man Saw |
| 31:47 | Investigar | Crop Rotation |
| 31:53 | Crear | Villager (Male) |
| 32:09 | Crear | Monk |
| 32:33 | Crear | Villager (Male) |
| 32:33 | Crear | Villager (Male) |
| 32:40 | Crear | Villager (Male) |
| 32:40 | Crear | Villager (Male) |
| 33:21 | Crear | Villager (Male) |
| 33:21 | Crear | Villager (Male) |
| 34:17 | Crear | Villager (Male) |
| 34:17 | Crear | Villager (Male) |
| 34:37 | Investigar | Husbandry |
| 34:53 | Construir | Farm |
| 34:53 | Construir | Farm |
| 35:02 | Crear | Villager (Male) |
| 35:02 | Crear | Villager (Male) |
| 36:07 | Construir | Farm |
| 36:10 | Crear | Villager (Male) |
| 36:10 | Crear | Villager (Male) |
| 36:19 | Crear | Villager (Male) |
| 36:20 | Crear | Villager (Male) |
| 36:42 | Construir | Castle |
| 36:48 | Investigar | Bloodlines |
| 36:56 | Investigar | Scale Barding Armor |
| 36:59 | Crear | Villager (Male) |
| 37:06 | Construir | Farm |
| 37:07 | Construir | Farm |
| 37:07 | Construir | Farm |
| 37:44 | Crear | Villager (Male) |
| 37:44 | Crear | Villager (Male) |
| 37:51 | Crear | Villager (Male) |
| 37:51 | Crear | Villager (Male) |
| 38:00 | Construir | House |
| 38:02 | Construir | House |
| 38:03 | Construir | House |
| 38:32 | Investigar | Chain Barding Armor |
Build order — 月下醉老虎
Primeras 150 de 223 acciones detectadas
| 0:04 | Crear | Villager (Male) |
| 0:04 | Crear | Villager (Male) |
| 0:04 | Crear | Villager (Male) |
| 0:17 | Investigar | Loom |
| 0:17 | Crear | Villager (Male) |
| 0:26 | Construir | House |
| 0:27 | Construir | House |
| 0:28 | Construir | House |
| 1:15 | Crear | Villager (Male) |
| 1:15 | Crear | Villager (Male) |
| 1:15 | Crear | Villager (Male) |
| 2:24 | Crear | Villager (Male) |
| 2:40 | Construir | Lumber Camp |
| 3:10 | Crear | Villager (Male) |
| 3:10 | Crear | Villager (Male) |
| 3:11 | Crear | Villager (Male) |
| 3:57 | Crear | Villager (Male) |
| 3:57 | Crear | Villager (Male) |
| 4:30 | Crear | Villager (Male) |
| 4:31 | Crear | Villager (Male) |
| 5:02 | Construir | House |
| 5:09 | Construir | House |
| 5:15 | Crear | Villager (Male) |
| 5:28 | Construir | Mill |
| 6:05 | Crear | Villager (Male) |
| 6:05 | Crear | Villager (Male) |
| 6:05 | Crear | Villager (Male) |
| 6:26 | Construir | House |
| 7:38 | Construir | Mill |
| 8:03 | Crear | Villager (Male) |
| 8:42 | Construir | Mining Camp |
| 8:54 | Investigar | Feudal Age |
| 9:59 | Crear | Villager (Male) |
| 9:59 | Crear | Villager (Male) |
| 10:04 | Crear | Villager (Male) |
| 11:04 | Edad | Edad Feudal |
| 11:13 | Construir | Market |
| 11:18 | Crear | Villager (Male) |
| 11:49 | Crear | Villager (Male) |
| 12:27 | Construir | Market |
| 12:49 | Construir | Market |
| 12:52 | Crear | Villager (Male) |
| 13:12 | Investigar | Horse Collar |
| 13:18 | Construir | Lumber Camp |
| 13:41 | Construir | Farm |
| 14:04 | Construir | Farm |
| 14:08 | Crear | Villager (Male) |
| 14:09 | Crear | Villager (Male) |
| 14:29 | Construir | Lumber Camp |
| 15:01 | Construir | Farm |
| 15:08 | Crear | Villager (Male) |
| 15:09 | Crear | Villager (Male) |
| 15:10 | Crear | Villager (Male) |
| 15:20 | Construir | Farm |
| 15:21 | Construir | Farm |
| 15:22 | Construir | Farm |
| 15:24 | Construir | Farm |
| 15:57 | Construir | Blacksmith |
| 16:04 | Construir | Farm |
| 16:16 | Construir | Lumber Camp |
| 16:31 | Crear | Villager (Male) |
| 16:32 | Crear | Villager (Male) |
| 16:37 | Investigar | Wheelbarrow |
| 16:51 | Construir | Farm |
| 17:00 | Construir | House |
| 17:01 | Construir | House |
| 17:03 | Construir | House |
| 17:04 | Construir | House |
| 17:05 | Construir | House |
| 17:09 | Investigar | Castle Age |
| 18:13 | Crear | Villager (Male) |
| 18:13 | Crear | Villager (Male) |
| 18:45 | Crear | Villager (Male) |
| 18:45 | Crear | Villager (Male) |
| 18:56 | Investigar | Double-Bit Axe |
| 20:06 | Construir | Barracks |
| 20:32 | Edad | Edad de los Castillos |
| 20:41 | Construir | Monastery |
| 20:49 | Crear | Villager (Male) |
| 20:50 | Crear | Villager (Male) |
| 21:19 | Construir | Stable |
| 21:21 | Crear | Monk |
| 21:21 | Crear | Monk |
| 21:28 | Construir | House |
| 21:48 | Construir | University |
| 22:00 | Construir | Town Center |
| 22:14 | Crear | Villager (Male) |
| 22:14 | Crear | Villager (Male) |
| 22:14 | Crear | Villager (Male) |
| 22:33 | Crear | Monk |
| 22:33 | Crear | Monk |
| 22:37 | Investigar | Husbandry |
| 22:38 | Investigar | Light Cavalry (upgrade) |
| 22:57 | Construir | Archery Range |
| 23:03 | Construir | Siege Workshop |
| 23:09 | Construir | Farm |
| 23:12 | Construir | Farm |
| 23:15 | Crear | Villager (Male) ×5 |
| 23:15 | Crear | Villager (Male) ×5 |
| 23:35 | Construir | Farm |
| 23:51 | Construir | Town Center |
| 24:26 | Construir | Farm |
| 24:31 | Construir | Mining Camp |
| 24:49 | Crear | Villager (Male) |
| 25:11 | Crear | Villager (Male) |
| 25:11 | Crear | Villager (Male) |
| 25:11 | Crear | Villager (Male) |
| 25:11 | Crear | Villager (Male) |
| 25:12 | Crear | Villager (Male) |
| 25:12 | Crear | Villager (Male) |
| 25:28 | Investigar | Bow Saw |
| 25:31 | Investigar | Stone Mining |
| 25:31 | Investigar | Gold Mining |
| 25:36 | Investigar | Gold Mining |
| 25:39 | Investigar | Heavy Plow |
| 26:24 | Crear | Villager (Male) |
| 26:24 | Crear | Villager (Male) |
| 26:28 | Crear | Villager (Male) |
| 26:28 | Crear | Villager (Male) ×5 |
| 27:04 | Crear | Villager (Male) |
| 27:04 | Crear | Villager (Male) |
| 27:05 | Crear | Villager (Male) |
| 27:05 | Crear | Villager (Male) |
| 27:08 | Crear | Villager (Male) |
| 27:08 | Crear | Villager (Male) |
| 27:08 | Crear | Villager (Male) |
| 27:33 | Construir | Farm |
| 27:46 | Crear | Scout Cavalry |
| 27:46 | Crear | Scout Cavalry |
| 27:54 | Construir | Farm |
| 28:38 | Construir | Farm |
| 28:40 | Construir | Farm |
| 28:41 | Construir | Farm |
| 28:44 | Crear | Villager (Male) |
| 28:44 | Crear | Villager (Male) |
| 28:44 | Crear | Villager (Male) |
| 28:52 | Construir | Farm |
| 28:54 | Construir | Farm |
| 28:57 | Crear | Villager (Male) |
| 28:57 | Crear | Villager (Male) |
| 28:57 | Crear | Villager (Male) |
| 29:04 | Construir | Farm |
| 29:15 | Construir | House |
| 29:16 | Construir | House |
| 29:17 | Construir | House |
| 29:18 | Construir | House |
| 29:23 | Crear | Villager (Male) |
| 29:23 | Crear | Villager (Male) |
| 29:32 | Investigar | Scale Barding Armor |
| 29:46 | Construir | House |
Build order — 赤根鈴音
90 acciones detectadas en el replay
| 0:14 | Investigar | Loom |
| 0:23 | Construir | House |
| 0:24 | Construir | House |
| 0:28 | Construir | House |
| 0:52 | Crear | Villager (Male) |
| 0:52 | Crear | Villager (Male) |
| 0:52 | Crear | Villager (Male) |
| 0:56 | Crear | Villager (Male) |
| 2:46 | Crear | Villager (Male) |
| 2:46 | Crear | Villager (Male) |
| 2:46 | Crear | Villager (Male) |
| 3:51 | Construir | Lumber Camp |
| 4:26 | Crear | Villager (Male) |
| 4:27 | Crear | Villager (Male) |
| 4:27 | Crear | Villager (Male) |
| 5:39 | Crear | Villager (Male) |
| 5:39 | Crear | Villager (Male) |
| 6:16 | Crear | Villager (Male) |
| 6:16 | Crear | Villager (Male) |
| 6:21 | Construir | House |
| 6:40 | Construir | House |
| 6:49 | Crear | Villager (Male) |
| 7:31 | Crear | Villager (Male) |
| 7:49 | Crear | Villager (Male) |
| 7:50 | Crear | Villager (Male) |
| 8:48 | Construir | Mining Camp |
| 9:09 | Construir | Mill |
| 10:38 | Crear | Villager (Male) |
| 10:38 | Crear | Villager (Male) |
| 10:38 | Crear | Villager (Male) |
| 10:40 | Crear | Villager (Male) |
| 11:43 | Investigar | Feudal Age |
| 11:49 | Investigar | Feudal Age |
| 12:03 | Construir | Mining Camp |
| 12:06 | Crear | Villager (Male) |
| 12:07 | Crear | Villager (Male) |
| 12:07 | Crear | Villager (Male) |
| 13:21 | Investigar | Feudal Age |
| 14:08 | Construir | House |
| 14:12 | Construir | House |
| 14:13 | Construir | House |
| 14:13 | Construir | House |
| 15:31 | Edad | Edad Feudal |
| 15:42 | Investigar | Wheelbarrow |
| 15:43 | Crear | Villager (Male) |
| 15:44 | Crear | Villager (Male) |
| 15:44 | Crear | Villager (Male) |
| 15:52 | Construir | Blacksmith |
| 16:07 | Construir | Market |
| 17:13 | Construir | Farm |
| 17:15 | Construir | Farm |
| 17:16 | Construir | Farm |
| 17:17 | Construir | Farm |
| 17:18 | Construir | Farm |
| 17:19 | Construir | Farm |
| 17:21 | Construir | Farm |
| 17:21 | Construir | Farm |
| 17:22 | Construir | Farm |
| 17:45 | Construir | House |
| 17:47 | Construir | House |
| 17:48 | Construir | House |
| 17:48 | Construir | House |
| 18:41 | Investigar | Double-Bit Axe |
| 18:45 | Investigar | Horse Collar |
| 19:27 | Construir | Farm |
| 19:29 | Construir | Farm |
| 19:37 | Construir | Farm |
| 26:40 | Crear | Villager (Male) |
| 26:40 | Crear | Villager (Male) |
| 26:40 | Crear | Villager (Male) |
| 26:40 | Crear | Villager (Male) |
| 26:41 | Crear | Villager (Male) |
| 26:41 | Crear | Villager (Male) |
| 26:45 | Investigar | Gold Mining |
| 28:32 | Construir | Farm |
| 28:56 | Construir | Farm |
| 29:05 | Construir | Farm |
| 29:07 | Construir | Farm |
| 30:16 | Construir | Lumber Camp |
| 30:41 | Construir | Farm |
| 30:52 | Construir | Farm |
| 30:57 | Construir | Farm |
| 31:04 | Construir | Farm |
| 31:08 | Construir | Farm |
| 32:02 | Construir | Farm |
| 33:25 | Crear | Villager (Male) |
| 33:25 | Crear | Villager (Male) |
| 33:26 | Crear | Villager (Male) |
| 38:05 | Construir | Mining Camp |
| 38:16 | Construir | Lumber Camp |
Build order —
Primeras 150 de 203 acciones detectadas
| 0:00 | Investigar | Tech None |
| 0:00 | Construir | House |
| 0:00 | Construir | House |
| 0:00 | Construir | House |
| 0:01 | Construir | House |
| 0:43 | Construir | Lumber Camp |
| 2:48 | Construir | House |
| 3:13 | Construir | Mill |
| 3:19 | Construir | Lumber Camp |
| 4:53 | Construir | House |
| 5:31 | Investigar | Tech None |
| 5:31 | Construir | Mining Camp |
| 6:52 | Construir | Barracks |
| 7:39 | Crear | Militia |
| 7:40 | Crear | Militia |
| 7:53 | Investigar | Tech None |
| 7:53 | Investigar | Tech None |
| 8:01 | Construir | House |
| 8:01 | Construir | House |
| 8:16 | Construir | Farm |
| 8:25 | Investigar | Tech None |
| 8:43 | Construir | House |
| 9:05 | Construir | Archery Range |
| 9:34 | Construir | Blacksmith |
| 9:59 | Crear | Archer |
| 9:59 | Crear | Archer |
| 10:10 | Construir | House |
| 10:28 | Crear | Archer |
| 10:42 | Construir | Archery Range |
| 10:47 | Investigar | Tech None |
| 10:57 | Construir | House |
| 10:58 | Construir | House |
| 10:58 | Construir | House |
| 11:26 | Crear | Archer |
| 11:39 | Crear | Militia |
| 11:47 | Crear | Skirmisher |
| 11:53 | Construir | Farm |
| 11:55 | Construir | Farm |
| 11:55 | Construir | Farm |
| 11:57 | Crear | Archer |
| 12:09 | Crear | Militia |
| 12:31 | Construir | House |
| 12:32 | Construir | House |
| 12:53 | Construir | Farm |
| 12:53 | Construir | Farm |
| 12:53 | Construir | Farm |
| 12:53 | Construir | Farm |
| 12:54 | Construir | Farm |
| 12:54 | Construir | Farm |
| 12:54 | Construir | Farm |
| 12:59 | Crear | Archer |
| 13:24 | Crear | Archer |
| 13:31 | Construir | Farm |
| 13:34 | Construir | Watch Tower |
| 13:49 | Crear | Archer |
| 13:56 | Investigar | Tech None |
| 13:57 | Construir | Farm |
| 14:01 | Construir | Farm |
| 14:02 | Crear | Archer |
| 14:24 | Construir | Lumber Camp |
| 14:27 | Crear | Archer |
| 14:38 | Construir | Farm |
| 14:47 | Crear | Skirmisher |
| 15:03 | Construir | Palisade Wall |
| 15:03 | Construir | Palisade Wall |
| 15:03 | Construir | Palisade Wall |
| 15:03 | Construir | Palisade Wall |
| 15:23 | Crear | Spearman |
| 15:36 | Construir | House |
| 15:40 | Construir | House |
| 15:54 | Construir | Farm |
| 16:00 | Construir | House |
| 16:12 | Construir | Farm |
| 16:25 | Construir | Farm |
| 16:40 | Construir | Farm |
| 16:58 | Crear | Spearman |
| 16:58 | Crear | Spearman |
| 17:01 | Investigar | Tech None |
| 17:33 | Investigar | Tech None |
| 17:44 | Investigar | Tech None |
| 18:12 | Investigar | Tech None |
| 18:18 | Construir | Archery Range |
| 18:35 | Crear | Spearman |
| 18:35 | Crear | Spearman |
| 18:38 | Crear | Archer |
| 18:47 | Construir | Archery Range |
| 19:08 | Crear | Archer |
| 19:08 | Investigar | Tech None |
| 19:21 | Construir | House |
| 19:21 | Construir | House |
| 19:22 | Construir | House |
| 19:33 | Construir | Archery Range |
| 19:38 | Crear | Spearman |
| 19:38 | Construir | Barracks |
| 20:10 | Investigar | Tech None |
| 20:24 | Investigar | Tech None |
| 20:24 | Crear | Archer |
| 20:24 | Construir | Town Center |
| 20:40 | Investigar | Tech None |
| 21:04 | Construir | Town Center |
| 21:05 | Construir | Farm |
| 21:18 | Investigar | Tech None |
| 21:47 | Construir | Farm |
| 21:48 | Crear | Archer |
| 21:48 | Crear | Archer |
| 22:01 | Investigar | Tech None |
| 22:05 | Construir | Town Center |
| 22:08 | Construir | Town Center |
| 22:12 | Crear | Spearman |
| 22:12 | Crear | Spearman |
| 22:40 | Construir | Mining Camp |
| 22:42 | Crear | Spearman |
| 22:58 | Construir | Monastery |
| 23:08 | Crear | Spearman |
| 23:29 | Construir | Market |
| 23:37 | Crear | Spearman |
| 23:39 | Crear | Spearman |
| 23:39 | Crear | Spearman |
| 24:03 | Construir | Stable |
| 24:25 | Construir | Farm |
| 24:25 | Construir | Farm |
| 24:34 | Construir | Siege Workshop |
| 24:35 | Crear | Monk |
| 24:51 | Construir | Farm |
| 24:55 | Construir | Farm |
| 25:11 | Construir | Farm |
| 25:11 | Construir | Farm |
| 25:12 | Construir | Farm |
| 25:16 | Construir | Farm |
| 25:24 | Crear | Spearman |
| 25:25 | Crear | Spearman |
| 25:25 | Construir | Farm |
| 25:29 | Crear | Spearman |
| 25:38 | Construir | Farm |
| 25:54 | Crear | Archer |
| 25:54 | Construir | Mining Camp |
| 25:54 | Construir | Mining Camp |
| 25:58 | Crear | Spearman |
| 26:04 | Construir | Farm |
| 26:20 | Crear | Archer |
| 26:20 | Crear | Spearman |
| 26:25 | Construir | Farm |
| 26:33 | Construir | Farm |
| 26:36 | Crear | Monk |
| 26:39 | Construir | Farm |
| 26:42 | Construir | Farm |
| 27:10 | Construir | Farm |
| 27:14 | Crear | Spearman |
| 27:18 | Crear | Spearman |
| 27:30 | Construir | Lumber Camp |
Build order —
Primeras 150 de 270 acciones detectadas
| 0:00 | Investigar | Tech None |
| 0:00 | Construir | House |
| 0:00 | Construir | House |
| 0:00 | Construir | House |
| 0:01 | Construir | House |
| 0:51 | Construir | Lumber Camp |
| 2:56 | Construir | House |
| 3:21 | Construir | Mill |
| 3:54 | Construir | Lumber Camp |
| 5:01 | Construir | House |
| 5:01 | Construir | House |
| 5:35 | Investigar | Tech None |
| 5:35 | Construir | Mining Camp |
| 6:56 | Construir | Barracks |
| 8:01 | Investigar | Tech None |
| 8:01 | Construir | Archery Range |
| 8:01 | Investigar | Tech None |
| 8:02 | Investigar | Tech None |
| 8:02 | Construir | Farm |
| 8:02 | Construir | Farm |
| 8:03 | Construir | Farm |
| 8:19 | Construir | Farm |
| 8:39 | Crear | Archer |
| 8:39 | Crear | Archer |
| 9:08 | Crear | Archer |
| 9:18 | Construir | Archery Range |
| 9:19 | Construir | House |
| 9:25 | Construir | House |
| 10:05 | Construir | Blacksmith |
| 10:06 | Crear | Archer |
| 10:06 | Construir | Blacksmith |
| 10:06 | Crear | Archer |
| 10:28 | Construir | Blacksmith |
| 10:35 | Construir | Farm |
| 10:50 | Construir | Farm |
| 10:57 | Construir | House |
| 11:01 | Construir | House |
| 11:05 | Investigar | Tech None |
| 11:22 | Construir | Farm |
| 11:27 | Crear | Archer |
| 11:33 | Crear | Skirmisher |
| 11:34 | Crear | Skirmisher |
| 11:51 | Construir | Farm |
| 12:00 | Crear | Archer |
| 12:04 | Crear | Skirmisher |
| 12:36 | Construir | Farm |
| 12:36 | Investigar | Tech None |
| 12:48 | Construir | Farm |
| 12:52 | Construir | House |
| 12:55 | Construir | House |
| 12:58 | Investigar | Tech None |
| 13:16 | Construir | Farm |
| 13:23 | Construir | Farm |
| 13:40 | Construir | Watch Tower |
| 13:51 | Construir | Farm |
| 13:59 | Construir | Farm |
| 14:11 | Construir | Farm |
| 14:29 | Construir | Farm |
| 14:30 | Crear | Archer |
| 14:33 | Crear | Archer |
| 14:33 | Crear | Archer |
| 14:53 | Construir | Farm |
| 15:08 | Construir | Palisade Wall |
| 15:08 | Construir | Palisade Wall |
| 15:08 | Construir | Palisade Wall |
| 15:08 | Construir | Palisade Wall |
| 15:25 | Construir | Lumber Camp |
| 15:29 | Construir | House |
| 15:29 | Construir | House |
| 15:45 | Construir | Farm |
| 15:48 | Investigar | Tech None |
| 16:22 | Investigar | Tech None |
| 16:23 | Construir | Archery Range |
| 17:00 | Crear | Skirmisher |
| 17:10 | Construir | Archery Range |
| 17:12 | Crear | Skirmisher |
| 17:12 | Crear | Skirmisher |
| 17:16 | Crear | Skirmisher |
| 17:38 | Crear | Archer |
| 17:48 | Construir | Lumber Camp |
| 17:50 | Crear | Archer |
| 18:19 | Crear | Archer |
| 18:29 | Investigar | Tech None |
| 18:29 | Investigar | Tech None |
| 18:29 | Investigar | Tech None |
| 18:29 | Investigar | Tech None |
| 19:16 | Investigar | Tech None |
| 19:16 | Crear | Archer |
| 19:16 | Construir | Town Center |
| 19:26 | Crear | Archer |
| 19:26 | Construir | Town Center |
| 19:28 | Construir | Town Center |
| 19:34 | Crear | Archer |
| 19:34 | Construir | House |
| 19:39 | Construir | House |
| 19:42 | Construir | House |
| 19:53 | Crear | Spearman |
| 20:23 | Construir | House |
| 20:54 | Crear | Archer |
| 20:54 | Construir | Town Center |
| 21:07 | Construir | Town Center |
| 21:44 | Crear | Archer |
| 21:47 | Crear | Archer |
| 21:52 | Crear | Archer |
| 21:58 | Construir | Farm |
| 22:05 | Construir | Farm |
| 22:14 | Construir | Farm |
| 22:22 | Crear | Archer |
| 22:45 | Construir | House |
| 22:46 | Construir | House |
| 22:49 | Construir | Monastery |
| 22:49 | Construir | Monastery |
| 22:50 | Crear | Archer |
| 23:04 | Investigar | Tech None |
| 23:10 | Construir | Siege Workshop |
| 23:30 | Crear | Monk |
| 24:11 | Construir | Lumber Camp |
| 24:21 | Crear | Battering Ram |
| 24:42 | Construir | Farm |
| 24:45 | Crear | Archer |
| 24:45 | Crear | Archer |
| 24:45 | Construir | Farm |
| 24:48 | Construir | Farm |
| 24:55 | Crear | Archer |
| 25:14 | Crear | Battering Ram |
| 25:14 | Construir | Farm |
| 25:25 | Construir | Farm |
| 25:28 | Construir | Mining Camp |
| 25:36 | Crear | Archer |
| 25:50 | Construir | Farm |
| 25:51 | Construir | Farm |
| 25:53 | Crear | Archer |
| 25:54 | Crear | Archer |
| 25:55 | Crear | Archer |
| 26:01 | Crear | Spearman |
| 26:24 | Crear | Monk |
| 26:46 | Crear | Archer |
| 26:46 | Construir | Town Center |
| 26:50 | Crear | Archer |
| 26:50 | Construir | Town Center |
| 27:00 | Crear | Archer |
| 27:00 | Construir | Town Center |
| 27:01 | Construir | Town Center |
| 27:09 | Construir | Farm |
| 27:13 | Construir | House |
| 27:19 | Construir | Farm |
| 27:25 | Construir | House |
| 27:36 | Crear | Spearman |
| 27:38 | Construir | Farm |
| 27:45 | Crear | Monk |
Build order —
24 acciones detectadas en el replay
| 0:00 | Investigar | Tech None |
| 0:00 | Construir | House |
| 0:00 | Construir | House |
| 0:00 | Construir | House |
| 0:01 | Construir | House |
| 0:51 | Construir | Lumber Camp |
| 2:56 | Construir | House |
| 3:21 | Construir | Mill |
| 4:26 | Investigar | Tech None |
| 4:36 | Construir | House |
| 5:02 | Construir | Lumber Camp |
| 5:56 | Construir | Barracks |
| 6:40 | Construir | Mining Camp |
| 6:45 | Crear | Militia |
| 6:45 | Crear | Militia |
| 6:50 | Investigar | Tech None |
| 7:20 | Construir | House |
| 7:36 | Investigar | Tech None |
| 7:43 | Construir | Farm |
| 9:15 | Construir | Lumber Camp |
| 10:57 | Construir | Archery Range |
| 10:59 | Investigar | Tech None |
| 18:02 | Construir | Town Center |
| 20:02 | Construir | Town Center |
Cronología de la partida
| 5:56 | · first_building Barracks |
| 6:52 | · first_building Barracks |
| 6:56 | · first_building Barracks |
| 8:01 | · first_building Archery Range |
| 8:41 | ts00136983 · age_up feudal |
| 9:05 | · first_building Archery Range |
| 9:52 | ts00136983 · wall_segment Palisade Wall x1 |
| 10:17 | Residual · age_up feudal |
| 10:57 | · first_building Archery Range |
| 11:04 | 月下醉老虎 · age_up feudal |
| 11:05 | 背骨+聖物大師-龍王者 · wall_segment Palisade Wall x2 |
| 11:13 | Residual · first_market_sell 100 food |
| 11:50 | Residual · wall_segment Palisade Wall x3 |
| 11:50 | Residual · wall_segment Palisade Wall x1 |
| 13:54 | Residual · age_up castle |
| 14:03 | Residual · first_building Castle |
| 14:05 | ts00136983 · first_building Barracks |
| 14:09 | Residual · wall_segment Palisade Wall x1 |
| 14:30 | ts00136983 · age_up castle |
| 15:03 | · wall_segment Palisade Wall x3 |
| 15:03 | · wall_segment Palisade Wall x3 |
| 15:03 | · wall_segment Palisade Wall x3 |
| 15:03 | · wall_segment Palisade Wall x3 |
| 15:08 | · wall_segment Palisade Wall x3 |
| 15:08 | · wall_segment Palisade Wall x3 |
| 15:08 | · wall_segment Palisade Wall x3 |
| 15:08 | · wall_segment Palisade Wall x3 |
| 15:18 | ts00136983 · first_building Stable |
| 15:31 | 赤根鈴音 · age_up feudal |
| 20:06 | 月下醉老虎 · first_building Barracks |
| 20:32 | 月下醉老虎 · age_up castle |
| 20:41 | 月下醉老虎 · first_building Monastery |
| 21:19 | 月下醉老虎 · first_building Stable |
| 21:45 | 赤根鈴音 · tribute_sent a jugador 1 |
| 21:45 | 赤根鈴音 · tribute_sent a jugador 2 |
| 21:45 | 赤根鈴音 · tribute_sent a jugador 3 |
| 21:45 | 赤根鈴音 · tribute_sent a jugador 4 |
| 21:45 | 赤根鈴音 · tribute_sent a jugador 6 |
| 21:45 | 赤根鈴音 · tribute_sent a jugador 7 |
| 21:45 | 赤根鈴音 · tribute_sent a jugador 8 |
| 22:21 | 背骨+聖物大師-龍王者 · age_up feudal |
| 22:49 | · first_building Monastery |
| 22:57 | 月下醉老虎 · first_building Archery Range |
| 22:58 | · first_building Monastery |
| 23:03 | 月下醉老虎 · first_building Siege Workshop |
| 23:10 | · first_building Siege Workshop |
| 24:03 | · first_building Stable |
| 24:34 | · first_building Siege Workshop |
| 24:50 | 赤根鈴音 · tribute_sent a jugador 1 |
| 24:50 | 赤根鈴音 · tribute_sent a jugador 2 |
| 24:50 | 赤根鈴音 · tribute_sent a jugador 3 |
| 24:50 | 赤根鈴音 · tribute_sent a jugador 4 |
| 24:50 | 赤根鈴音 · tribute_sent a jugador 6 |
| 24:50 | 赤根鈴音 · tribute_sent a jugador 7 |
| 24:50 | 赤根鈴音 · tribute_sent a jugador 8 |
| 25:18 | 背骨+聖物大師-龍王者 · first_building Barracks |
| 25:31 | ts00136983 · first_market_sell 100 food |
| 26:32 | 背骨+聖物大師-龍王者 · first_building Stable |
| 26:48 | 背骨+聖物大師-龍王者 · age_up castle |
| 27:05 | 背骨+聖物大師-龍王者 · first_building Monastery |
| 28:08 | ts00136983 · first_building Castle |
| 28:11 | 赤根鈴音 · tribute_sent a jugador 1 |
| 28:11 | 赤根鈴音 · tribute_sent a jugador 2 |
| 28:11 | 赤根鈴音 · tribute_sent a jugador 3 |
| 28:11 | 赤根鈴音 · tribute_sent a jugador 4 |
| 28:11 | 赤根鈴音 · tribute_sent a jugador 6 |
| 28:11 | 赤根鈴音 · tribute_sent a jugador 7 |
| 28:11 | 赤根鈴音 · tribute_sent a jugador 8 |
| 28:27 | ts00136983 · first_building Monastery |
| 28:59 | Residual · first_building Barracks |
| 29:02 | 赤根鈴音 · first_market_buy 100 wood |
| 30:01 | Residual · age_up imperial |
| 30:48 | ts00136983 · wall_segment Palisade Wall x1 |
| 31:24 | 背骨+聖物大師-龍王者 · age_up imperial |
| 31:47 | 赤根鈴音 · tribute_sent a jugador 1 |
| 31:47 | 赤根鈴音 · tribute_sent a jugador 2 |
| 31:47 | 赤根鈴音 · tribute_sent a jugador 3 |
| 31:47 | 赤根鈴音 · tribute_sent a jugador 4 |
| 31:47 | 赤根鈴音 · tribute_sent a jugador 6 |
| 31:47 | 赤根鈴音 · tribute_sent a jugador 7 |
| 31:47 | 赤根鈴音 · tribute_sent a jugador 8 |
| 34:11 | ts00136983 · wall_segment Palisade Wall x1 |
| 34:26 | Residual · first_building Archery Range |
| 34:48 | Residual · first_building Stable |
| 35:33 | 赤根鈴音 · tribute_sent a jugador 1 |
| 35:33 | 赤根鈴音 · tribute_sent a jugador 2 |
| 35:33 | 赤根鈴音 · tribute_sent a jugador 3 |
| 35:33 | 赤根鈴音 · tribute_sent a jugador 4 |
| 35:33 | 赤根鈴音 · tribute_sent a jugador 6 |
| 35:33 | 赤根鈴音 · tribute_sent a jugador 7 |
| 35:33 | 赤根鈴音 · tribute_sent a jugador 8 |
| 36:10 | ts00136983 · first_market_buy 100 wood |
| 36:42 | 背骨+聖物大師-龍王者 · first_building Castle |
| 37:10 | · first_building Castle |
| 37:13 | 月下醉老虎 · age_up imperial |
| 37:14 | · resign |
| 37:23 | 赤根鈴音 · tribute_sent a jugador 1 |
| 37:23 | 赤根鈴音 · tribute_sent a jugador 2 |
| 37:23 | 赤根鈴音 · tribute_sent a jugador 3 |
| 37:23 | 赤根鈴音 · tribute_sent a jugador 4 |
| 37:23 | 赤根鈴音 · tribute_sent a jugador 6 |
| 37:23 | 赤根鈴音 · tribute_sent a jugador 7 |
| 37:23 | 赤根鈴音 · tribute_sent a jugador 8 |
| 37:46 | 赤根鈴音 · tribute_sent a jugador 1 |
| 37:46 | 赤根鈴音 · tribute_sent a jugador 2 |
| 37:46 | 赤根鈴音 · tribute_sent a jugador 3 |
| 37:46 | 赤根鈴音 · tribute_sent a jugador 4 |
| 37:46 | 赤根鈴音 · tribute_sent a jugador 6 |
| 37:46 | 赤根鈴音 · tribute_sent a jugador 7 |
| 37:46 | 赤根鈴音 · tribute_sent a jugador 8 |
[ ANÁLISIS IA · 1 CRÉDITO ]
¿Qué pasó realmente en esta partida?
Wolo.gg analiza cada decisión: build order, eco, micro, errores típicos por bracket. Análisis personalizado por WhatsApp o Discord en 30 segundos.
Guía civ
Birmanos
Perfil
Residual